 Dungeon Crawl Stone Soup version 0.18-a0-1639-g7533f42 (webtiles) character file.

182 dohliylev the Shield-Bearer (level 5, -1/33 HPs)
             Began as a Gargoyle Fighter on Mar 27, 2016.
             Was a Follower of Elyvilon.
             Slain by a worm (6 damage)
             ... on level 4 of the Dungeon.
             The game lasted 00:09:36 (2438 turns).

dohliylev the Shield-Bearer (Gargoyle Fighter)      Turns: 2438, Time: 00:09:37

Health: -1/33      AC: 15    Str: 20    XL:     5   Next: 61%
Magic:  5/5        EV:  7    Int:  9    God:    Elyvilon [*.....]
Gold:   173        SH:  9    Dex:  9    Spells: 0 memorised, 4 levels left

rFire  . . .     SeeInvis .     a - +0 war axe
rCold  . . .     Gourm    .     b - +0 scale mail
rNeg   + . .     Faith    .     c - +0 shield
rPois  ∞         Spirit   .     m - +2 helmet
rElec  +         Dismiss  .     (no cloak)
rCorr  .         Reflect  .     (no gloves)
SustAt .         Harm     .     h - +0 pair of boots
MR     .....                    (no amulet)
Stlth  ..........               (no ring)
                                (no ring)

@: not resistant to hostile enchantments, extremely unstealthy
A: negative energy resistance 1, electricity resistance, unbreathing,
petrification resistance, rot immunity, AC +4
a: Lesser Healing, Divine Protection, Renounce Religion


You were on level 4 of the Dungeon.
You worshipped Elyvilon.
Elyvilon was aware of your devotion.
You were hungry.

You visited 1 branch of the dungeon, and saw 5 of its levels.

You collected 173 gold pieces.

Inventory:

Hand Weapons
 a - a +0 war axe (weapon)
Armour
 b - a +0 scale mail (worn)
 c - a +0 shield (worn)
 h - a +0 pair of boots (worn)
 m - a +2 helmet (worn)
 r - a +0 buckler
 s - a +0 cloak
Scrolls
 e - a scroll of blinking {unknown}
 j - a scroll of remove curse {unknown}
 k - 2 scrolls of magic mapping
 l - 2 scrolls of teleportation
Potions
 d - 2 potions of might
 i - 2 potions of heal wounds {unknown}
 n - a potion of resistance {unknown}
 p - a potion of cure mutation {unknown}
Comestibles
 f - 3 bread rations
 g - a chunk of flesh
 o - a beef jerky
 q - 2 meat rations


   Skills:
 + Level 3.8 Fighting
 + Level 2.9 Axes
 + Level 4.2 Armour
 - Level 0.4 Dodging
 + Level 4.8 Shields


You had 4 spell levels left.
You didn't know any spells.

Dungeon Overview and Level Annotations

Branches:
Dungeon (5/15)             Temple (0/1) D:4

Altars:
Elyvilon
Trog

Annotations:
D:4 Grinder, Menkaure


Innate Abilities, Weirdness & Mutations

You are resistant to torment.
Your stone body is resilient (AC +4).
You are immune to poison.
You resist negative energy.
You are resistant to electric shocks.
You can survive without breathing.
You are immune to petrification.
You are immune to rotting.


Message History

Your shield prevents you from hitting the giant gecko.
You block the giant gecko's attack. x2
You hit the giant gecko.
The giant gecko is moderately wounded.
The giant gecko bites you.
* * * LOW HITPOINT WARNING * * *
The giant gecko bites you but does no damage.
You miss the giant gecko.
The giant gecko is moderately wounded.
The giant gecko closely misses you.
You closely miss the giant gecko.
The giant gecko is moderately wounded.
You block the giant gecko's attack.
The giant gecko bites you but does no damage.
You hit the giant gecko.
You kill the giant gecko!
You slash the worm!
The worm is severely wounded.
The worm bites you.
You die...

##≈.##†##.#.###.≈#+#§
######.h###..w....##..+∩+.
#.......# ###.....#*,≈*+*≈
#.......# #..$...#**≈≈,≈≈
#.......####.#.)..# ***,,,
#.......#....#....###*,,,*
#..........)..........,,,*
#.......#w#########...,,,,
#.......#@# *,.##****
#.........# ********# *
#.......### *≈≈≈≈≈≈≈******
#.......# *≈≈,,,≈≈*,,,,,
#####...# *≈,,,,,≈******
*#.##* *≈,,,,,≈* * *****..*
*≈,,,,,≈* * *,,,..,*
*≈≈,,,≈≈******
*,,,,,,*******≈≈≈,≈≈≈*,,,,,


You could see a worm.

Vanquished Creatures
  An orc priest (D:3)
  An orc wizard (D:3)
  A worker ant (D:4)
  2 adders
  A worm (D:2)
  4 dart slugs
  A giant gecko (D:4)
  An orc (D:3)
  5 giant cockroaches
  2 goblins
  10 hobgoblins
  7 jackals
  2 quokkas
  7 bats
  8 giant newts
  5 kobolds
  12 rats
70 creatures vanquished.

Notes
Turn   | Place    | Note
--------------------------------------------------------------
     0 | D:1      | dohliylev the Gargoyle Fighter began the quest for the Orb.
     0 | D:1      | Reached XP level 1. HP: 14/14 MP: 1/1
   318 | D:1      | Reached XP level 2. HP: 16/19 MP: 2/2
   935 | D:1      | Reached XP level 3. HP: 23/23 MP: 3/3
  1074 | D:2      | Found a bloodstained altar of Trog.
  1544 | D:2      | Found a white marble altar of Elyvilon.
  1550 | D:2      | Became a worshipper of Elyvilon the Healer
  1634 | D:2      | Reached XP level 4. HP: 28/28 MP: 4/4
  2234 | D:3      | Reached XP level 5. HP: 2/33 MP: 5/5
  2257 | D:4      | Noticed Grinder
  2265 | D:4      | Elyvilon protects you from harm!
  2276 | D:5      | Entered Level 5 of the Dungeon
  2312 | D:5      | Noticed a sky beast
  2347 | D:4      | Noticed Menkaure
  2392 | D:4      | HP: 1/33 [adder (2)]
  2409 | D:4      | Reached * piety under Elyvilon
  2438 | D:4      | Slain by a worm

Vault maps used:
D:1:      matt_arrival_spirals, grunt_decor_one_mirror
D:2:      bloody_trog, hangedman_abyss_or_decor_lesser_grid, elyvilon_altar_4
D:3:      first_bread
D:4:      minmay_temple_entry_poolview, serial_shops, kennysheep_mini_moat,
          interstate_on_off, kennysheep_small_square, uniq_menkaure,
          uniq_grinder
D:5:      minmay_strange_pillars, minmay_misc_feat_alley, eino_curves_02,
          okawaru_trees_1

Skill      XL: |  1  2  3  4 |
---------------+-------------+-----
Axes           | 2 |  2.9
Shields        | 4 |  4.8
Armour         | 4 |  4.2
Fighting       | |  3.8
Dodging        | |  0.4

Action                   |  1- 3 |  4- 6 || total
-------------------------+-------+-------++-------
Melee: War axe           |   159 |   101 ||   260
  Use: Scroll            |       |     2 ||     2
  Eat: Chunk             |     3 |     2 ||     5
